 Seeded DCSS version 0.27.1-37-g7b29ead8ac (webtiles) character file.

Game seed: 10355528478427202143 (custom seed)

896 cbfl8 the Chopper (level 7, -1/60 HPs)
             Began as a Minotaur Fighter on June 5, 2023.
             Was an Initiate of Yredelemnul.
             Slain by Maggie (2 damage)
             ... on level 6 of the Dungeon.
             The game lasted 00:05:03 (5087 turns).

cbfl8 the Chopper (Minotaur Fighter)                Turns: 5087, Time: 00:05:04

Health: -1/60      AC: 11    Str: 29    XL:     7   Next: 79%
Magic:  6/6        EV:  9    Int:  5    God:    Yredelemnul [......]
Gold:   13         SH: 11    Dex: 12    Spells: 6/6 levels left

rFire    . . .     SeeInvis +   a - +0 war axe
rCold    . . .     Faith    .   c - +0 kite shield
rNeg     . . .     Spirit   .   u - +4 ring mail of Qocanir {Will+ rCorr Str+3 SInv}
rPois    .         Reflect  .   (helmet restricted)
rElec    .         Harm     .   e - +0 cloak
rCorr    +         Rampage  .   (no gloves)
Will     +....                  (no boots)
Stlth    +.........             o - amulet of regeneration
HPRegen  1.20/turn              l - +6 ring of strength
MPRegen  0.10/turn              s - ring of see invisible

@: flying, mesmerised
A: horns 2, retaliatory headbutt
a: Renounce Religion


You were on level 6 of the Dungeon.
You worshipped Yredelemnul.
Yredelemnul was noncommittal.
You visited 2 branches of the dungeon, and saw 7 of its levels.

You collected 195 gold pieces.
You spent 182 gold pieces at shops.

Inventory:

Hand Weapons
 a - a +0 war axe (weapon)
 q - the +8 hunting sling of Accord {venom, rN++ rCorr Int+3 Stlth+}
   (You found it on level 4 of the Dungeon)

   Any ammunition fired from it poisons the flesh of those it strikes.
   Int:       It affects your intelligence (+3).
   rN:        It greatly protects you from negative energy.
   rCorr:     It protects you from acid and corrosion.
   Stlth:     It makes you more stealthy.
Missiles
 r - 50 stones (quivered)
Armour
 c - a +0 kite shield (worn)
 e - a +0 cloak (worn)
 u - the +4 ring mail of Qocanir (worn) {Will+ rCorr Str+3 SInv}
   (You found it on level 6 of the Dungeon)

   Str:       It affects your strength (+3).
   SInv:      It lets you see invisible.
   rCorr:     It protects you from acid and corrosion.
   Will:      It increases your willpower.
Jewellery
 l - a +6 ring of strength (left hand)
 o - an amulet of regeneration (around neck)
 p - a ring of willpower
 s - a ring of see invisible (right hand)
Wands
 h - a wand of flame (42)
 v - a wand of charming (9)
Scrolls
 b - a scroll of silence
 m - a scroll of enchant armour
 n - a scroll of magic mapping
Potions
 f - a potion of brilliance {unknown}
 g - a potion of flight
 i - a potion of attraction {unknown}
 j - 4 potions of magic
 t - a potion of cancellation {unknown}
 w - a potion of haste {unknown}
 x - a potion of curing {unknown}


   Skills:
 + Level 4.7 Fighting
 + Level 6.2 Axes
 * Level 2.4 Slings
 + Level 5.2 Armour
 + Level 1.4 Dodging
 + Level 0.3 Stealth
 + Level 5.8 Shields
 * Level 3.0 Evocations


You had 6 spell levels left.
You didn't know any spells.
Your spell library contained the following spells:

 Spells                   Type           Power      Damage    Failure   Level
 Animate Skeleton         Necr           0%         N/A       94%         1
 Apportation              Tloc           0%         N/A       94%         1
 Corona                   Hex            0%         N/A       94%         1
 Freeze                   Ice            0%         1d3       94%         1
 Summon Small Mammal      Summ           0%         N/A       94%         1
 Frozen Ramparts          Ice            0%         1d2       100%        3
 Hailstorm                Conj/Ice       0%         3d3       100%        4
 Summon Ice Beast         Ice/Summ       0%         N/A       100%        4
 Summon Mana Viper        Hex/Summ       0%         N/A       100%        5
 Monstrous Menagerie      Summ           0%         N/A       100%        7


Dungeon Overview and Level Annotations

Branches:
Dungeon (6/15)             Temple (1/1) D:5

Altars:
Cheibriados
Elyvilon
Fedhas
Hepliaklqana
Kikubaaqudgha
Qazlal
Ru
Sif Muna
Trog
Vehumet
Wu Jian
Yredelemnul
Zin

Shops:
D:5 *

Annotations:
D:6 Maggie


Innate Abilities, Weirdness & Mutations

You have a pair of horns on your head.
You reflexively headbutt those who attack you in melee.


Message History

You start removing your armour.
You continue taking off your +0 chain mail. x4
You finish taking off your +0 chain mail.
You start putting on your armour.
You continue putting on the +4 ring mail of Qocanir {Will+ rCorr Str+3 SInv}. x5
You finish putting on the +4 ring mail of Qocanir {Will+ rCorr Str+3 SInv}.
You feel stronger.
Drop what? 24/52 slots (_ for help) (? for menu, Esc to quit)
You drop a +0 chain mail.
Maggie the Vainglorious comes into view.
She is wielding a +3 glaive of flaming.
Maggie casts a spell.
Maggie attempts to bespell you!
You are mesmerised by Maggie!
Maggie is nearby!
Maggie is nearby!
Maggie is nearby!
Maggie mumbles the words to a spell, but in the wrong order.
Maggie points at you and mumbles some strange words.
The bolt of fire hits you!!
You barely miss Maggie.
Maggie hits you with a +3 glaive of flaming!
Maggie burns you.
Maggie hits you with a +3 glaive of flaming!!
* * * LOW HITPOINT WARNING * * *
Maggie burns you!
* * * LOW HITPOINT WARNING * * *
As you read the scroll labelled ULIDIWN LOAXZU, it crumbles to dust.
The scroll dissolves into smoke.
It was a scroll of fog.
Maggie says, "If you die in the Dungeon, but nobody's around to see it, does it really matter?"
Maggie gestures at you while chanting. The bolt of fire hits you.
* * * LOW HITPOINT WARNING * * *
It was a potion of flight.
You feel very buoyant.
You fly up into the air.
Maggie hits you with a +3 glaive of flaming.
* * * LOW HITPOINT WARNING * * *
Maggie burns you.
You die...
Your body rises from the dead as a mindless zombie.

##....#....##...
######....##.>..##..
#...#.........#.....
#............##.....
##......###......##..
#.......#........#..[
##..§§............#.#.
#..§§§§§....##......#.
#..§§@##....# #...#
#..§§§@.....# #.##
##.§§§§.......
#..##........ ###
.##.#.. ## .# # . .


You could see Maggie (mesmerising).

Vanquished Creatures
  Duvessa (D:5)
  2 black bears
  A centaur (D:6)
  A scorpion (D:5)
  Dowan (D:5)
  A water moccasin skeleton (D:5)
  2 hounds
  A centaur zombie (D:5)
  An iguana (D:5)
  An orc wizard (D:3)
  A hound zombie (D:5)
  A hound skeleton (D:5)
  A howler monkey skeleton (D:4)
  A gnoll (D:1)
  8 adders
  A white imp (D:5)
  2 ufetubi
  A worm (D:2)
  3 dart slugs
  6 orcs (D:3)
  9 endoplasms
  5 giant cockroaches
  5 goblins
  5 hobgoblins
  10 jackals
  A quokka (D:4)
  4 ball pythons
  4 bats
  4 frilled lizards
  2 kobolds
  6 rats
92 creatures vanquished.

Notes
Turn   | Place    | Note
-------+----------+-------------------------------------------
     0 | D:1      | cbfl8 the Minotaur Fighter began the quest for the Orb.
     0 | D:1      | Reached XP level 1. HP: 19/19 MP: 0/0
   147 | D:1      | Reached XP level 2. HP: 23/27 MP: 1/1
   506 | D:1      | Reached skill level 3 in Axes
   506 | D:1      | Reached XP level 3. HP: 33/33 MP: 2/2
  1171 | D:2      | Reached skill level 1 in Evocations
  1293 | D:2      | Reached XP level 4. HP: 40/40 MP: 3/3
  1424 | D:2      | Found a faded altar of an unknown god.
  1843 | D:3      | Found a snail-covered altar of Cheibriados.
  1846 | D:3      | Found a shimmering blue altar of Sif Muna.
  1849 | D:3      | Found a blossoming altar of Fedhas.
  1859 | D:3      | Found an ornate altar of the Wu Jian Council.
  2141 | D:3      | Found a bloodstained altar of Trog.
  2205 | D:3      | Reached skill level 4 in Axes
  2390 | D:3      | Reached XP level 5. HP: 46/46 MP: 4/4
  2678 | D:4      | Noticed a black bear
  2691 | D:4      | Killed a black bear
  2692 | D:4      | Reached skill level 5 in Axes
  2692 | D:4      | Reached XP level 6. HP: 22/53 MP: 5/5
  3069 | D:4      | Found a hazy altar of Hepliaklqana.
  3436 | D:4      | Found a sacrificial altar of Ru.
  3673 | D:4      | Identified the +8 hunting sling of Accord {venom, rN++
                  | rCorr Int+3 Stlth+}
  3868 | D:5      | Entered Level 5 of the Dungeon
  3916 | D:5      | Found Ferom's General Store.
  3917 | D:5      | Noticed Dowan
  3918 | D:5      | Noticed Duvessa
  4181 | D:5      | Reached skill level 1 in Dodging
  4181 | D:5      | Reached skill level 5 in Shields
  4183 | D:5      | Reached skill level 1 in Slings
  4398 | D:5      | Bought a scroll of identify for 28 gold pieces
  4398 | D:5      | Bought a wand of charming (9) for 154 gold pieces
  4408 | D:5      | Killed Duvessa
  4409 | D:5      | Reached XP level 7. HP: 40/60 MP: 6/6
  4415 | D:5      | Killed Dowan
  4563 | D:5      | Reached skill level 5 in Armour
  4565 | D:5      | Reached skill level 6 in Axes
  4833 | D:5      | Found a staircase to the Ecumenical Temple.
  4919 | Temple   | Entered the Ecumenical Temple
  4941 | Temple   | Became a worshipper of Yredelemnul the Dark
  5062 | D:6      | Identified the +4 ring mail of Qocanir {Will+ rCorr Str+3
                  | SInv}
  5082 | D:6      | Noticed Maggie
  5087 | D:6      | HP: 1/60 [Maggie (6)]
  5087 | D:6      | Slain by Maggie

Illustrated notes

Levels and vault maps discovered:
D:1:      mainiacjoe_arrival_reflecting_pool, layout_basic
D:2:      layout_loops_ring, dilly_ecumenical_altar_fadedgnrine,
          minmay_misc_feat_enclosed, minmay_stone_trees_medium
D:3:      layout_loops_ring, grunt_temple_overflow_cloverleaf,
          nicolae_overflow_hidden_temple, kennysheep_big_empty_room
D:4:      layout_loops_ring, nicolae_ru_the_path_less_chosen,
          mainiacjoe_overflow_catwalk
D:5:      layout_cave_pods, minmay_temple_entry_nine_rooms, serial_shops, shop,
          uniq_duvessa
D:6:      layout_cave_pools, serial_shops, shop, uniq_maggie, uniq_grinder
Temple:   nicolae_temple_hex_pool

Skill      XL: |  1  2  3  4  5  6  7 |
---------------+----------------------+-----
Shields        | 4 5 |  5.8
Fighting       | 4 |  4.7
Axes           | 3 4 5 6 |  6.2
Armour         | 4 5 |  5.2
Evocations     | 1 2 3 |  3.0
Dodging        | 1 |  1.4
Slings         | 1 2 |  2.4
Stealth        | |  0.3

Action                   |  1- 3 |  4- 6 |  7- 9 || total
-------------------------+-------+-------+-------++-------
Melee: War axe           |    68 |   121 |    17 ||   206
       Headbutt          |     7 |    29 |     2 ||    38
  Use: Scroll            |     1 |     7 |     4 ||    12
       Potion            |       |     1 |     1 ||     2
Armor: Scale mail        |    29 |       |       ||    29
       Chain mail        |     1 |    83 |    12 ||    96
Dodge: Dodged            |    24 |    33 |     7 ||    64
Block: Kite shield       |    39 |    95 |    13 ||   147
